 Dungeon Crawl Stone Soup version 0.25-a0-474-ga8a2ee3166 (webtiles) character file.

Game seed: 1867032064155700203, levelgen mode: deterministic

25 sinfaroth the Firebug (level 3, -1/20 HPs)
             Began as a Gargoyle Fire Elementalist on Feb 7, 2020.
             Slain by a worm (4 damage)
             ... on level 2 of the Dungeon.
             The game lasted 00:20:04 (1210 turns).

sinfaroth the Firebug (Gargoyle Fire Elementalist)  Turns: 1210, Time: 00:20:05

Health: -1/20      AC: 11    Str: 14    XL:     3   Next: 6%
Magic:  5/6        EV:  6    Int: 20    God:
Gold:   36         SH:  0    Dex: 10    Spells: 5/6 levels left

rFire    . . .     SeeInvis .   o - +0 whip
rCold    . . .     Gourm    .   (no shield)
rNeg     + . .     Faith    .   m - +0 chain mail
rPois    ∞         Spirit   .   (no helmet)
rElec    +         Reflect  .   (no cloak)
rCorr    .         Harm     .   (no gloves)
MR       .....                  (no boots)
Stlth    ..........             (no amulet)
HPRegen  0.06/turn              d - +3 ring of strength
MPRegen  0.10/turn              i - +4 ring of intelligence

@: very slightly contaminated
A: negative energy resistance 1, electricity resistance, unbreathing,
petrification resistance, rot immunity, AC +3
a: no special abilities


You were on level 2 of the Dungeon.
You were very hungry.

You visited 1 branch of the dungeon, and saw 2 of its levels.

You collected 36 gold pieces.

Inventory:

Hand Weapons
 e - a +1 spear
 h - a +0 hand axe
 o - a +0 whip (weapon)
Missiles
 f - 24 sling bullets
 p - 18 bolts
 x - 45 stones (quivered)
Armour
 a - a +0 robe
 m - a +0 chain mail (worn)
 s - a +0 leather armour
 t - a +0 robe
 v - a +0 robe
Jewellery
 d - a +3 ring of strength (left hand)
 i - a +4 ring of intelligence (right hand)
 l - an uncursed ring of teleportation
Scrolls
 j - a scroll of amnesia
 n - 4 scrolls of identify
 q - 2 scrolls of remove curse
 u - 2 scrolls of teleportation
 w - 3 scrolls of immolation
Potions
 b - a potion of magic
 g - a potion of heal wounds {unknown}
 k - a potion of curing {unknown}
Comestibles
 c - a ration


   Skills:
 * Level 0.4 Fighting
 - Level 1.0 Polearms
 - Level 0.2 Armour
 + Level 1.5 Dodging
 - Level 2.1 Stealth
 * Level 2.1 Spellcasting
 * Level 1.1 Conjurations
 * Level 3.5 Fire Magic


You had 5 spell levels left.
You knew the following spells:

 Your Spells              Type           Power        Failure   Level  Hunger
a - Foxfire               Conj/Fire      ##..         88%         1    #......

Your spell library contained the following spells:

 Spells                   Type           Power        Failure   Level  Hunger
 Conjure Flame            Conj/Fire      ##......     99%         3    ###....
 Inner Flame              Hex/Fire       #.......     100%        3    ###....
 Sticky Flame             Conj/Fire      ##......     100%        4    #####..
 Fireball                 Conj/Fire      ##........   100%        5    ######.


Dungeon Overview and Level Annotations

Branches:
Dungeon (2/15)

Altars:


Innate Abilities, Weirdness & Mutations

You are resistant to torment.
Your stone body is resilient. (AC +3)
You are immune to poison.
You resist negative energy. (rN+)
You are resistant to electric shocks. (rElec)
You can survive without breathing.
You are immune to petrification.
You are immune to rotting.


Message History

You hit the worm but do no damage.
The worm is severely wounded.
The worm bites you.
* * * LOW HITPOINT WARNING * * *
Your chain mail prevents you from hitting the worm.
The worm is severely wounded.
You hit the worm.
The worm is severely wounded.
The worm bites you but does no damage.
Casting: Foxfire (safe; 88% risk of failure)
Confirm with . or Enter, or press ? or * to list all spells.
You miscast Foxfire.
You hear a sizzling sound.
The worm barely misses you.
You barely miss the worm.
The worm is severely wounded.
You hit the worm.
The worm is almost dead.
The worm bites you.
You die...

...........# #......
...........# #.....#
.[.........#####.....#
....................##.
#..................##.
#..................# #
#..................###
#...w@................
#...................##
#.....###########'#.##
#...!.# #...... #.....#
#...... #.....# #......
........ #......
...#.... ##.#.##
####.#.##


You could see a worm.

Vanquished Creatures
  An adder (D:2)
  2 giant cockroaches (D:2)
  2 goblins
  4 hobgoblins
  A bat (D:1)
  A frilled lizard (D:2)
  3 kobolds
  3 rats
17 creatures vanquished.

Vanquished Creatures (others)
  10 foxfires (D:1)
10 creatures vanquished.

Grand Total: 27 creatures vanquished

Notes
Turn   | Place    | Note
-------+----------+-------------------------------------------
     0 | D:1      | sinfaroth the Gargoyle Fire Elementalist began the quest
                  | for the Orb.
     0 | D:1      | Reached XP level 1. HP: 10/10 MP: 3/3
   342 | D:1      | Reached XP level 2. HP: 12/15 MP: 1/5
   622 | D:2      | Reached skill level 1 in Polearms
   628 | D:2      | Reached XP level 3. HP: 7/20 MP: 6/6
  1210 | D:2      | Slain by a worm

Levels and vault maps discovered:
D:1:      minmay_arrival_loop, layout_rooms
D:2:      layout_basic

Skill      XL: |  1  2 |
---------------+-------+-----
Polearms       | 1 |  1.0
Fighting       | |  0.4
Armour         | |  0.2
Dodging        | |  1.5
Stealth        | |  2.1
Spellcasting   | |  2.1
Conjurations   | |  1.1
Fire Magic     | |  3.5

Action                   || total
-------------------------++-------
Melee: Spear             ||    75
       Whip              ||    31
 Cast: Foxfire           ||     8
  Use: Scroll            ||     7
Armor: Chain mail        ||    93
       Robe              ||     1
Dodge: Dodged            ||    41

Table legend:
 A = Non-vault XP
 B = Vault XP
 C = Vault XP percentage of total XP
 D = Non-vault monster count
 E = Vault monster count
 F = Vault count percentage of total count
                 A         B        C        D         E       F
            +---------+---------+-------+---------+---------+-------
      Total |      37 |       0 |   0.0 |      17 |       0 |   0.0
            +---------+---------+-------+---------+---------+-------
        D:1 |      13 |       0 |   0.0 |       9 |       0 |   0.0
        D:2 |      24 |       0 |   0.0 |       8 |       0 |   0.0
            +---------+---------+-------+---------+---------+-------
